 Dungeon Crawl Stone Soup version 0.30-a0-116-g3b1a8e4ee4 (webtiles) character file.

Game seed: 16111099175246621994

81 frimble the Shooter (level 4, -1/32 HPs)
             Began as a Demonspawn Hexslinger on Sept 12, 2022.
             Slain by Natasha (3 damage)
             ... on level 2 of the Dungeon.
             The game lasted 00:01:52 (1628 turns).

frimble the Shooter (Demonspawn Hexslinger)         Turns: 1628, Time: 00:01:53

Health: -1/32      AC:  5    Str: 12    XL:     4   Next: 20%
Magic:  5/5        EV: 12    Int: 15    God:
Gold:   55         SH:  0    Dex: 13    Spells: 4/5 levels left

rFire   . . .      SeeInvis .    a - +2 sling
rCold   . . .      Faith    .    (no shield)
rNeg    . . .      Spirit   .    c - +0 robe
rPois   .          Reflect  .    d - +0 helmet
rElec   .          Harm     .    (no cloak)
rCorr   .          Rampage  .    (no gloves)
Will    .....                    (no boots)
Stlth   +.........               (no amulet)
HPRegen 0.10/turn                (no ring)
MPRegen 0.09/turn                (no ring)

@: attractive
A: claws 1, slimy green scales 1
a: no special abilities


You were on level 2 of the Dungeon.
You visited 1 branch of the dungeon, and saw 2 of its levels.

You collected 55 gold pieces.

Inventory:

Hand Weapons
 a - a +2 sling (weapon)
Armour
 c - a +0 robe (worn)
 d - a +0 helmet (worn)
 i - a +0 chain mail
Jewellery
 f - a ring of positive energy
 g - a ring of ice
Scrolls
 b - 2 scrolls of poison
 e - a scroll of enchant weapon


   Skills:
 - Level 1.1 Fighting
 + Level 3.1 Ranged Weapons
 - Level 1.8 Dodging
 + Level 2.0 Unarmed Combat
 - Level 1.1 Spellcasting
 - Level 3.0 Hexes


You had 4 spell levels left.
You knew the following spells:

 Your Spells              Type           Power      Damage    Failure   Level
a - Slow                  Hex            40%        N/A       7%          1

Your spell library contained the following spells:

 Spells                   Type           Power      Damage    Failure   Level
 Inner Flame              Hex/Fire       5%         N/A       36%         3
 Portal Projectile        Hex/Tloc       10%        N/A       36%         3
 Cause Fear               Hex            5%         N/A       56%         4


Dungeon Overview and Level Annotations

Branches:
Dungeon (2/15)

Altars:

Shops:
D:1 [

Annotations:
D:2 Natasha


Innate Abilities, Weirdness & Mutations

You have sharp fingernails.
You are partially covered in slimy green scales. (AC +2)


Message History

Your +1 sling glows red for a moment.
Natasha claws you but does no damage.
a - a +2 sling (weapon)
Natasha claws you but does no damage.
Fire: a) +2 sling
Press: ? - help, Q - select action, (/) - cycle Shift-Dir - straight line, f/p - Natasha
Aim: Natasha, carrying a wand of flame (23) (50% to hit)
You shoot a sling bullet.
The sling bullet closely misses Natasha.
Natasha stares at you and mumbles some strange words.
The magic dart hits you.
* * * LOW HITPOINT WARNING * * *
Unknown command.
Unknown command.
You aren't carrying any potions.
As you read the scroll labelled MEEGRAJ UHURET, it crumbles to dust.
It is a scroll of identify.
You don't have any unidentified items.
Natasha claws you.
* * * LOW HITPOINT WARNING * * *
Fire: a) +2 sling
Press: ? - help, Q - select action, (/) - cycle Shift-Dir - straight line, f/p - Natasha
Aim: Natasha, carrying a wand of flame (23) (50% to hit)
You shoot a sling bullet. The sling bullet barely misses Natasha.
Natasha closely misses you.
Fire: a) +2 sling
Press: ? - help, Q - select action, (/) - cycle Shift-Dir - straight line, f/p - Natasha
Aim: Natasha, carrying a wand of flame (23) (50% to hit)
You shoot a sling bullet.
The sling bullet closely misses Natasha.
Natasha wildly gestures.
Natasha glows brightly for a moment.
Natasha mumbles some strange words.
The iron imp is attracted toward you.
Fire: a) +2 sling
Press: ? - help, Q - select action, (/) - cycle Shift-Dir - straight line, f/p - Natasha
Aim: Natasha, carrying a wand of flame (23) (50% to hit)
You shoot a sling bullet. The sling bullet hits Natasha.
Natasha is lightly wounded.
Natasha claws you.
You die...

... #.###..... ...
......... ..# ........
#.# #....... #.#
#####....... #.#
...<......>. #.#
#.#........ .
#@######.##...###
....##h#.).........#8##
......5....<....#......#
#....ยง<.........###.....
.....#..........###g....
................##..#...
............>...##r.#8..
....<#...........#..###r
.#####...........#.g# #


You could see an iron imp (summoned) and Natasha.

Vanquished Creatures
  Natasha (D:2)
  2 dart slugs (D:1)
  3 ball pythons
  2 bats (D:1)
  4 endoplasms
  A giant cockroach (D:1)
  10 goblins
  9 hobgoblins
  6 kobolds
  3 quokkas (D:1)
  4 rats (D:1)
45 creatures vanquished.

Notes
Turn   | Place    | Note
-------+----------+-------------------------------------------
     0 | D:1      | frimble the Demonspawn Hexslinger began the quest for the
                  | Orb.
     0 | D:1      | Reached XP level 1. HP: 15/15 MP: 2/2
    28 | D:1      | Gained mutation: You have sharp fingernails. [demonic
                  | ancestry]
    28 | D:1      | Reached XP level 2. HP: 9/21 MP: 0/3
   526 | D:1      | Reached skill level 1 in Unarmed Combat
   573 | D:1      | Gained mutation: You are partially covered in slimy green
                  | scales. (AC +2) [demonic ancestry]
   573 | D:1      | Reached XP level 3. HP: 26/26 MP: 4/4
   717 | D:1      | Found Axzok's Antique Armour Boutique.
  1237 | D:2      | Noticed Natasha
  1244 | D:2      | Killed Natasha
  1245 | D:2      | Reached XP level 4. HP: 9/32 MP: 5/5
  1611 | D:2      | Noticed Natasha
  1628 | D:2      | Slain by Natasha

Illustrated notes

Levels and vault maps discovered:
D:1:      lemuel_arrival_rhombus, layout_loops_ring, serial_shops, shop
D:2:      layout_rooms, basic_altar, serial_corexii_hall,
          corexii_hall_statues_deadend, chequers_hall_statues_y,
          hellmonk_ecumenical_altar_lost_god, minmay_misc_feat_tiny,
          chequers_mini_garden, minmay_misc_feat_columns, uniq_robin,
          uniq_natasha

Skill      XL: |  1  2  3 |
---------------+----------+-----
Ranged Weapons | 2 3 |  3.1
Unarmed Combat | 1 2 |  2.0
Fighting       | |  1.1
Dodging        | |  1.8
Spellcasting   | |  1.1
Hexes          | |  3.0

Action                   |  1- 3 |  4- 6 || total
-------------------------+-------+-------++-------
Melee: Unarmed           |       |     4 ||     4
 Fire: Sling             |   141 |    20 ||   161
 Cast: Slow              |     1 |       ||     1
  Use: Scroll            |       |     2 ||     2
       Potion            |       |     1 ||     1
Armor: Robe              |    14 |    17 ||    31
Dodge: Dodged            |    37 |    18 ||    55

Table legend: (Time is in decaauts)
 A = Elapsed time spent in this place.
 B = Non-inter-level travel time spent in this place.
 C = Inter-level travel time spent in this place.
 D = Time resting spent in this place.
 E = Time spent auto-exploring this place.
 F = Levels seen in this place.
 G = Mean time per level.
                   A        B        C        D        E       F      G
               +--------+--------+--------+--------+--------+-----+--------+
         Total |   1672 |   1644 |     28 |      0 |   1346 |   2 |  836.0 |
       Dungeon |   1672 |   1644 |     28 |      0 |   1346 |   2 |  836.0 |
               +--------+--------+--------+--------+--------+-----+--------+

Top non-repeatable levels by time:
     D:1: 1522 daAuts
     D:2: 149 daAuts
